 Dungeon Crawl Stone Soup version 0.27-a0-808-g60bc5d92e6 (webtiles) character file.

Game seed: 12941620661488798307

1350 porpoise the Covert (level 8, -3/47 HPs)
             Began as an Octopode Venom Mage on Mar 29, 2021.
             Slain by an ogre
             ... wielding a +0 giant club
              (29 damage)
             ... on level 5 of the Dungeon.
             The game lasted 00:16:34 (4694 turns).

porpoise the Covert (Octopode Venom Mage)           Turns: 4694, Time: 00:16:35

Health: -3/47      AC:  9    Str: 20    XL:     8   Next: 63%
Magic:  8/11       EV: 13    Int: 17    God:
Gold:   149        SH:  0    Dex: 14    Spells: 1/11 levels left

rFire    . . .     SeeInvis .   a - +2 dagger (protect)
rCold    . . .     Faith    .   (no shield)
rNeg     . . .     Spirit   .   (helmet restricted)
rPois    .         Reflect  .   (no amulet)
rElec    .         Harm     .   d - +6 ring of strength
rCorr    .         Rampage  .   h - +4 ring of protection
Will     .....                  i - +4 ring of protection
Stlth    +++++.....             j - +6 ring of strength
HPRegen  0.15/turn              (no ring)
MPRegen  0.12/turn              (no ring)
                                (no ring)
                                (no ring)

@: no status effects
A: almost no armour, amphibious, 8 rings, camouflage 1, gelatinous body 1,
(nimble swimmer 1), tentacles
a: no special abilities


You were on level 5 of the Dungeon.
You visited 1 branch of the dungeon, and saw 5 of its levels.

You collected 233 gold pieces.
You spent 84 gold pieces at shops.

Inventory:

Hand Weapons
 a - a +2 dagger of protection (weapon)
 b - a +0 hunting sling
 n - a +0 dagger of electrocution
 w - a +0 rapier
Missiles
 c - 34 bolts
 k - 85 stones
 s - 14 poisoned darts
 u - 34 sling bullets
 v - 2 boomerangs
Jewellery
 d - a +6 ring of strength (left tentacle)
 h - a +4 ring of protection (right tentacle)
 i - a +4 ring of protection (on tentacle)
 j - a +6 ring of strength (on tentacle)
Wands
 m - a wand of random effects (33)
 y - a wand of flame (12)
Scrolls
 e - a scroll of silence {unknown}
 f - a scroll of acquirement {unknown}
 g - a scroll of fog {unknown}
 p - a scroll of magic mapping
 q - a scroll of amnesia {unknown}
 t - a scroll of enchant weapon {unknown}
 x - a scroll of teleportation
Potions
 l - a potion of flight
 o - a potion of curing
 r - 2 potions of cancellation
 z - a potion of haste {unknown}


   Skills:
 + Level 0.5 Fighting
 - Level 5.0 Short Blades
 - Level 2.0 Dodging
 + Level 10.3 Stealth
 - Level 2.0 Spellcasting
 - Level 1.0 Transmutations
 + Level 4.2 Air Magic
 - Level 5.0 Poison Magic


You had one spell level left.
You knew the following spells:

 Your Spells              Type           Power      Damage    Failure   Level
a - Sting                 Tmut/Pois      44%        1d5       5%          1
b - Poisonous Vapours     Pois/Air       34%        N/A       4%          2
i - Ignite Poison         Fire/Tmut/Pois 8%         N/A       26%         3
o - Olgreb's Toxic Radia  Pois           18%        N/A       24%         4

Your spell library contained the following spells:

 Spells                   Type           Power      Damage    Failure   Level
 Mephitic Cloud           Conj/Pois/Air  12%        N/A       17%         3


Dungeon Overview and Level Annotations

Branches:
Dungeon (5/15)
 Temple: D:4-7

Altars:
Xom

Shops:
D:2 *


Innate Abilities, Weirdness & Mutations

You cannot wear most types of armour.
You are amphibious.
You can wear up to eight rings at the same time.
Your skin changes colour to match your surroundings (Stealth+).
Your rubbery body absorbs attacks. (AC +1, EV +1)
((You are camouflaged near water. (Stealth+)))
You have tentacles for arms and can constrict up to eight enemies at once.


Message History

Poisonous vapours surround the ogre!
The ogre shouts!
The ogre is engulfed in poison gas.
The ogre is poisoned.
Your +2 dagger of protection goes still.
b - a +0 hunting sling (weapon)
You shoot a stone. The stone barely misses the ogre.
You shoot a stone. The stone hits the ogre.
The ogre is moderately wounded.
Casting: Poisonous Vapours (safe; 4% risk of failure)
Confirm with . or Enter, or press ? or * to list all spells.
Aiming: Sting (safe; 5% risk of failure)
Press: ? - help, Shift-Dir - straight line, f/p - ogre
Aim: an ogre, wielding a +0 giant club (moderately wounded, poisoned, 14% to evade)
The sting hits the ogre.
The ogre looks even sicker.
The ogre is heavily wounded.
An adder comes into view.
Your +2 dagger of protection hums with potential!
a - a +2 dagger of protection (weapon)
You see here a scroll labelled RONTUS GOMU.
There is an open door here.
Casting: Sting (safe; 5% risk of failure)
Confirm with . or Enter, or press ? or * to list all spells.
Aiming: Sting (safe; 5% risk of failure)
Press: ? - help, Shift-Dir - straight line, f/p - ogre
Aim: an ogre, wielding a +0 giant club (heavily wounded, poisoned, 14% to evade)
The sting hits the ogre.
The ogre looks even sicker.
The ogre is heavily wounded.
The ogre hits you with a +0 giant club!!
The ogre misses you.
There is a stone staircase leading up here.
Casting: Sting (safe; 5% risk of failure)
Confirm with . or Enter, or press ? or * to list all spells.
Aiming: Sting (safe; 5% risk of failure)
Press: ? - help, Shift-Dir - straight line, f/p - ogre
Aim: an ogre, wielding a +0 giant club (severely wounded, very poisoned, 14% to evade)
The sting hits the ogre.
The ogre looks even sicker.
The ogre is almost dead.
The ogre hits you with a +0 giant club!!
Ouch! That really hurt!
You die...

#..###...##....
#...##.........
#.####.#.##.#.##.#...
#......#.##.#.#.....##.
.............#.#....... ..#
...#######?###.#..#.#.##..#
.# #.......#....#.....#
#.#.#####..........#
...#..##@...........
######'##O........#...
#.................#
#....).####.###### #......#
#..†..# #####'## #.###.#
#..# #.# #.#
##.####+###.###
#............#


You could see an ogre (very poisoned).

Vanquished Creatures
  Grinder (D:5)
  Sigmund (D:2)
  Edmund (D:5)
  A water moccasin (D:2)
  2 necrophages
  3 ogres
  A phantom (D:4)
  A bullfrog (D:4)
  An orc priest (D:4)
  An iguana (D:5)
  Terence (D:2)
  4 adders
  An adder skeleton (D:4)
  3 dart slugs
  10 orcs
  9 endoplasms
  3 giant cockroaches
  5 goblins
  7 hobgoblins
  6 jackals
  7 kobolds
  4 quokkas
  3 ball pythons
  A bat (D:3)
  3 frilled lizards
  5 rats
85 creatures vanquished.

Notes
Turn   | Place    | Note
-------+----------+-------------------------------------------
     0 | D:1      | porpoise the Octopode Venom Mage began the quest for the
                  | Orb.
     0 | D:1      | Reached XP level 1. HP: 11/11 MP: 3/3
    54 | D:1      | Reached skill level 3 in Stealth
   294 | D:1      | Reached XP level 2. HP: 11/18 MP: 5/5
  1513 | D:2      | Reached XP level 3. HP: 22/22 MP: 6/6
  1610 | D:2      | Reached skill level 4 in Stealth
  1678 | D:2      | Noticed Terence
  1695 | D:2      | Killed Terence
  1696 | D:2      | Reached skill level 1 in Short Blades
  1942 | D:2      | Reached XP level 4. HP: 27/27 MP: 5/7
  2054 | D:2      | Noticed Sigmund
  2065 | D:2      | Killed Sigmund
  2066 | D:2      | Reached skill level 6 in Stealth
  2066 | D:2      | Reached XP level 5. HP: 32/32 MP: 8/8
  2069 | D:2      | Learned a level 2 spell: Poisonous Vapours
  2073 | D:2      | Learned a level 3 spell: Ignite Poison
  2170 | D:2      | Noticed a water moccasin
  2182 | D:2      | Killed a water moccasin
  2183 | D:2      | Reached skill level 7 in Stealth
  2183 | D:2      | Reached skill level 5 in Poison Magic
  2183 | D:2      | Reached XP level 6. HP: 28/37 MP: 6/9
  2307 | D:2      | Found Ten Oxyff's General Store.
  2313 | D:2      | Bought a potion of curing for 39 gold pieces
  2313 | D:2      | Bought a scroll of magic mapping for 45 gold pieces
  3324 | D:4      | Noticed a necrophage
  3333 | D:4      | Killed a necrophage
  3334 | D:4      | Reached skill level 8 in Stealth
  3334 | D:4      | Reached skill level 1 in Air Magic
  3334 | D:4      | Reached XP level 7. HP: 42/42 MP: 7/10
  3395 | D:4      | Found a shimmering altar of Xom.
  3398 | D:4      | Found a shimmering altar of Xom.
  3398 | D:4      | Found a white marble altar of Elyvilon.
  3400 | D:4      | Found a white marble altar of Elyvilon.
  3400 | D:4      | Found a shadowy altar of Dithmenos.
  3400 | D:4      | Found a sacrificial altar of Ru.
  3931 | D:4      | Reached skill level 9 in Stealth
  4491 | D:4      | Learned a level 4 spell: Olgreb's Toxic Radiance
  4533 | D:5      | Entered Level 5 of the Dungeon
  4536 | D:5      | Reached XP level 8. HP: 47/47 MP: 11/11
  4584 | D:5      | Noticed Grinder
  4648 | D:5      | Killed Grinder
  4649 | D:5      | Noticed Edmund
  4656 | D:5      | Killed Edmund
  4657 | D:5      | Reached skill level 5 in Short Blades
  4657 | D:5      | Reached skill level 10 in Stealth
  4694 | D:5      | Slain by an ogre

Illustrated notes

Levels and vault maps discovered:
D:1:      minmay_arrival_open_corners, layout_loops_ring, minivault_24,
          minmay_misc_feat_columns
D:2:      layout_loops_ring, serial_shops, nicolae_shop_stone, uniq_sigmund,
          uniq_terence
D:3:      layout_rooms, st_stairs_8, kennysheep_decorative_pillar
D:4:      layout_loops_corners, doesnt_xom_only_xom
D:5:      layout_basic, uniq_grinder, uniq_edmund, uniq_menkaure

Skill      XL: |  1  2  3  4  5  6  7  8 |
---------------+-------------------------+-----
Stealth        | 3 4 6 7 8 9 10 | 10.3
Poison Magic   | 4 5 |  5.0
Short Blades   | 1 2 3 4 5 |  5.0
Air Magic      | 1 2 4 |  4.2
Fighting       | |  0.5
Dodging        | |  2.0
Spellcasting   | |  2.0
Transmutations | |  1.0

Action                   |  1- 3 |  4- 6 |  7- 9 || total
-------------------------+-------+-------+-------++-------
Melee: Unarmed           |    12 |       |       ||    12
       Dagger            |    38 |    56 |    35 ||   129
       Constrict         |     9 |    11 |     7 ||    27
       Tentacles         |     5 |     9 |     8 ||    22
 Fire: Hunting sling     |       |    11 |     6 ||    17
 Cast: Sting             |    15 |     5 |     5 ||    25
       Poisonous Vapours |       |       |     9 ||     9
Evoke: Wand              |       |     1 |       ||     1
  Use: Potion            |       |     1 |       ||     1
       Scroll            |       |     2 |     1 ||     3
 Stab: Sleeping          |    10 |    15 |    12 ||    37
       Confused          |       |     1 |       ||     1
Armor: Skin              |     5 |    10 |     2 ||    17
Dodge: Dodged            |    17 |    24 |    16 ||    57

Table legend: (Time is in decaauts)
 A = Elapsed time spent in this place.
 B = Non-inter-level travel time spent in this place.
 C = Inter-level travel time spent in this place.
 D = Time resting spent in this place.
 E = Time spent auto-exploring this place.
 F = Levels seen in this place.
 G = Mean time per level.
                   A        B        C        D        E       F      G
               +--------+--------+--------+--------+--------+-----+--------+
         Total |   4671 |   4569 |    102 |   1744 |   2102 |   5 |  934.2 |
       Dungeon |   4671 |   4569 |    102 |   1744 |   2102 |   5 |  934.2 |
               +--------+--------+--------+--------+--------+-----+--------+

Top non-repeatable levels by time:
     D:4: 1479 daAuts
     D:1: 1389 daAuts
     D:2: 933 daAuts
     D:3: 747 daAuts
     D:5: 122 daAuts
